 Dungeon Crawl Stone Soup version 0.31-a0-259-g771a54ca4b (webtiles) character file.

Game seed: 4809838435628419953

266 qw the Shooter (level 6, -2/51 HPs)
             Began as a Minotaur Hexslinger on July 13, 2023.
             Slain by a lemure (8 damage)
             ... led by Pikel
             ... on level 4 of the Dungeon.
             The game lasted 00:01:27 (2966 turns).

qw the Shooter (Minotaur Hexslinger)                Turns: 2966, Time: 00:01:28

Health: -2/51      AC:  5    Str: 13    XL:     6   Next: 0%
Magic:  6/6        EV: 11    Int: 10    God:
Gold:   220        SH:  0    Dex: 14    Spells: 6/7 levels left

rFire   . . .        Y - +1 sling
rCold   . . .        (no shield)
rNeg    . . .        c - +0 ring mail
rPois   .            (helmet restricted)
rElec   .            (no cloak)
rCorr   .            (no gloves)
SInv    .            (no boots)
Will    .....        (no amulet)
Stlth   +            (no ring)
HPRegen 0.28/turn    (no ring)
MPRegen 0.10/turn

%: no passive effects
@: about to teleport
A: horns 2, retaliatory headbutt
a: no special abilities


You were on level 4 of the Dungeon.
You visited 1 branch of the dungeon, and saw 4 of its levels.

You collected 220 gold pieces.


Innate Abilities, Weirdness & Mutations

You have a pair of horns on your head.
You reflexively headbutt those who attack you in melee.


   Skills:
 + Level 3.1 Fighting
 - Level 6.0 Ranged Weapons
 - Level 1.9 Armour
 - Level 2.1 Dodging
 - Level 1.0 Spellcasting
 - Level 2.0 Hexes


You had 6 spell levels left.
You knew the following spells:

 Your Spells              Type           Power      Damage    Failure   Level
a - Slow                  Hex            16%        N/A       32%         1

Your spell library contained the following spells:

 Spells                   Type           Power      Damage    Failure   Level
 Inner Flame              Hex/Fire       2%         N/A       82%         3
 Portal Projectile        Hex/Tloc       4%         N/A       82%         3
 Cause Fear               Hex            2%         N/A       97%         4

Inventory:

Hand Weapons
 Y - a +1 sling (weapon)
Armour
 c - a +0 ring mail (worn)
 h - a +0 pair of gloves
Jewellery
 j - a ring of fire
Wands
 f - a wand of digging (7)
Scrolls
 a - a scroll of identify
 b - 3 scrolls of enchant armour
Potions
 d - a potion of ambrosia {unknown}
 e - a potion of mutation {unknown}
 g - a potion of haste {unknown}
 i - a potion of degeneration {unknown}
 l - 2 potions of curing

Dungeon Overview and Level Annotations

Branches:
Dungeon (4/15)
 Temple: D:4-7

Altars:

Annotations:
D:4 Pikel


Message History

The sling bullet hits Pikel but does no damage.
You shoot a sling bullet. The sling bullet misses Pikel.
A lemure comes into view.
You shoot a sling bullet. The sling bullet barely misses Pikel.
The lemure shouts!
The sling bullet hits the lemure.
The lemure is lightly wounded.
Pikel hits you with a +2 whip of flaming.
Pikel burns you. Pikel completely misses you.
A lemure comes into view.
You shoot a sling bullet. The sling bullet barely misses Pikel.
The lemure shouts!
The sling bullet hits the lemure!
The lemure is moderately wounded.
Pikel completely misses you.
A lemure comes into view.
You shoot a sling bullet.
The sling bullet hits Pikel but does no damage.
Pikel hits you with a +2 whip of flaming!
Pikel burns you.
You shoot a sling bullet. The sling bullet hits Pikel!
Pikel is lightly wounded.
Pikel hits you with a +2 whip of flaming.
Pikel burns you.
You shoot a sling bullet. The sling bullet barely misses Pikel.
The sling bullet hits the lemure but does no damage.
The lemure is moderately wounded.
Pikel hits you with a +2 whip of flaming!
Pikel burns you.
You shoot a sling bullet. The sling bullet hits the lemure.
The lemure is heavily wounded.
Pikel hits you with a +2 whip of flaming.
Pikel burns you. The lemure hits you but does no damage.
Pikel hits you with a +2 whip of flaming.
Pikel burns you. The lemure hits you but does no damage.
2966 ||| READING scroll of teleportation.
As you read the scroll of teleportation, it crumbles to dust.
You feel strangely unstable. Pikel closely misses you.
The lemure closely misses you. The lemure hits you!
You die...

.#.....##..####...........#
##...# ##.%.##...........#
#...####......#######.... ##
##.............# ##.:..) .#
#.............## ###...... .##
#.............####........ ..#
##..#.....5....#...........
..####..........55...............
...........##...@K5..............
.#....##..###...####.....#######.
###...#..# #...## #.......# #
#...#..###..## #........#
####.....##...# #..#......#
........###..## #.####.....
........##...# .. #....
#####...#...## #.# .#####......#
#..#


You could see Pikel and 4 lemures.

Vanquished Creatures
  2 hounds
  Robin (D:3)
  2 gnolls (D:4)
  5 adders
  A white imp (D:3)
  3 worms
  5 dart slugs
  2 orcs
  10 ball pythons
  9 endoplasms
  9 giant cockroaches
  11 goblins
  10 hobgoblins
  2 jackals (D:3)
  7 kobolds
  4 quokkas
  5 bats
  A frilled lizard (D:2)
  6 rats
95 creatures vanquished.

Notes
Turn   | Place    | Note
-------+----------+-------------------------------------------
     0 | D:1      | qw the Minotaur Hexslinger began the quest for the Orb.
     0 | D:1      | Reached XP level 1. HP: 16/16 MP: 1/1
     0 | D:1      | 0 ||| qw: Version: 0.3-a-52-g30416fa
     0 | D:1      | 0 ||| qw: Game counter: 6903
     0 | D:1      | 0 ||| qw: Melee chars always use a shield: true
     0 | D:1      | 0 ||| qw: God list: Okawaru
     0 | D:1      | 0 ||| qw: Allow faded altars: false
     0 | D:1      | 0 ||| qw: Do Orc after clearing Dungeon:15 true
     0 | D:1      | 0 ||| qw: Do second Lair branch before Depths: true
     0 | D:1      | 0 ||| qw: Lair rune preference: random
     0 | D:1      | 0 ||| qw: Goals: Normal
     0 | D:1      | 0 ||| PLANNING D:1-11
   169 | D:1      | Reached skill level 3 in Ranged Weapons
   214 | D:1      | Reached XP level 2. HP: 23/23 MP: 2/2
   681 | D:1      | Reached XP level 3. HP: 29/29 MP: 3/3
   733 | D:1      | Found a faded altar of an unknown god.
   943 | D:1      | 943 ||| UPGRADING to +0 leather armour.
   953 | D:1      | 953 ||| DROPPING +0 robe.
   954 | D:1      | 954 ||| READING scroll labelled QUAJIU VITOCU.
   955 | D:1      | 955 ||| READING 2 scrolls labelled XAZANT HIELIOX.
   958 | D:1      | 958 ||| READING scroll labelled DUHUFRUTU.
  1009 | D:1      | 1009 ||| DROPPING scroll of poison.
  1073 | D:2      | Reached skill level 4 in Ranged Weapons
  1143 | D:2      | Reached XP level 4. HP: 36/36 MP: 4/4
  1371 | D:2      | Reached skill level 5 in Ranged Weapons
  1579 | D:2      | 1579 ||| UPGRADING to +0 ring mail.
  1589 | D:2      | 1589 ||| DROPPING +0 leather armour.
  1590 | D:2      | 1590 ||| READING scroll labelled ZYGEIL KIAXYT.
  1591 | D:2      | 1591 ||| READING scroll labelled QUTIPR URAS.
  1592 | D:2      | 1592 ||| READING scroll labelled UGEVIFY BELOUH.
  1593 | D:2      | 1593 ||| READING scroll labelled POCHUW DO BEASS.
  1594 | D:2      | 1594 ||| DRINKING 2 red potions.
  1644 | D:3      | Reached skill level 1 in Armour
  1644 | D:3      | Reached XP level 5. HP: 30/42 MP: 5/5
  1730 | D:3      | Noticed Robin
  1732 | D:3      | 1732 ||| Stepping ~*~*~tactically~*~*~ (outnumbered).
  1749 | D:3      | HP: 10/44 [frozen (4)]
  1750 | D:3      | 1750 ||| READING 2 scrolls of teleportation.
  1750 | D:3      | HP: 4/44 [goblin/+0 club[Robin] (6)]
  1751 | D:3      | 1751 ||| DRINKING potion of heal wounds.
  2035 | D:3      | Reached skill level 3 in Fighting
  2044 | D:3      | Killed Robin
  2369 | D:3      | 2369 ||| DRINKING 3 murky silvery potions.
  2837 | D:4      | Reached skill level 6 in Ranged Weapons
  2922 | D:4      | Noticed a lemure
  2923 | D:4      | 2923 ||| FLEEEEING.
  2924 | D:4      | 2924 ||| FLEEEEING.
  2925 | D:4      | 2925 ||| FLEEEEING.
  2926 | D:4      | 2926 ||| FLEEEEING.
  2937 | D:4      | Reached XP level 6. HP: 40/51 MP: 6/6
  2942 | D:4      | Noticed Pikel
  2943 | D:4      | 2943 ||| FLEEEEING.
  2944 | D:4      | 2944 ||| FLEEEEING.
  2945 | D:4      | 2945 ||| FLEEEEING.
  2946 | D:4      | 2946 ||| FLEEEEING.
  2947 | D:4      | 2947 ||| FLEEEEING.
  2948 | D:4      | 2948 ||| FLEEEEING.
  2949 | D:4      | 2949 ||| FLEEEEING.
  2950 | D:4      | 2950 ||| FLEEEEING.
  2951 | D:4      | 2951 ||| FLEEEEING.
  2954 | D:4      | 2954 ||| FLEEEEING.
  2955 | D:4      | 2955 ||| FLEEEEING.
  2965 | D:4      | HP: 8/51 [Pikel/+2 whip of flaming (5)]
  2966 | D:4      | 2966 ||| READING scroll of teleportation.
  2966 | D:4      | Slain by a lemure

Levels and vault maps discovered:
D:1:      psy_arrival_dodecagon, layout_basic, basic_ecumenical_altar,
          chequers_mini_garden
D:2:      layout_rooms, st_stairs_13, minmay_box_of_dots
D:3:      layout_loops_ring, uniq_robin
D:4:      layout_layer_cave, nicolae_shop_i_like_small_books_too,
          minmay_between, uniq_grinder, uniq_pikel, uniq_crazy_yiuf_cottage

Skill      XL: |  1  2  3  4  5 |
---------------+----------------+-----
Ranged Weapons | 3 4 5 6 |  6.0
Fighting       | 2 3 |  3.1
Armour         | 1 |  1.9
Dodging        | |  2.1
Spellcasting   | |  1.0
Hexes          | |  2.0

Action                     |  1- 3 |  4- 6 || total
---------------------------+-------+-------++-------
   Fire: Sling             |    95 |   240 ||   335
    Use: Scroll            |     3 |     6 ||     9
         Potion            |       |     3 ||     3
 Armour: Robe              |     3 |       ||     3
         Leather armour    |       |     9 ||     9
         Ring mail         |       |    24 ||    24
  Dodge: Dodged            |    11 |    79 ||    90

Table legend:
 A = Non-vault XP
 B = Vault XP
 C = Vault XP percentage of total XP
 D = Non-vault monster count
 E = Vault monster count
 F = Vault count percentage of total count
                 A         B        C        D         E       F
            +---------+---------+-------+---------+---------+-------
      Total |     326 |      54 |  14.2 |      79 |      16 |  16.8
            +---------+---------+-------+---------+---------+-------
        D:1 |      59 |       0 |   0.0 |      29 |       0 |   0.0
        D:2 |      83 |      20 |  19.4 |      23 |       5 |  17.9
        D:3 |      83 |      30 |  26.5 |      14 |       9 |  39.1
        D:4 |     101 |       4 |   3.8 |      13 |       2 |  13.3
            +---------+---------+-------+---------+---------+-------
